 Dungeon Crawl Stone Soup version 0.30-a0-364-gf6b3ef1049 (webtiles) character file.

Game seed: 2892778756027529393

4 mopl the Sneak (level 1, -2/18 HPs)
             Began as a Barachi Delver on Nov 15, 2022.
             Slain by an iguana (13 damage)
             ... on level 4 of the Dungeon.
             The game lasted 00:00:32 (103 turns).

mopl the Sneak (Barachi Delver)                      Turns: 103, Time: 00:00:32

Health: -2/18      AC:  3    Str: 13    XL:     1   Next: 60%
Magic:  1/1        EV: 12    Int: 10    God:
Gold:   8          SH:  0    Dex: 13    Spells: 0/0 levels left

rFire   . . .      SeeInvis .    a - +0 falchion
rCold   . . .      Faith    .    (no shield)
rNeg    . . .      Spirit   .    b - +0 leather armour
rPois   .          Reflect  .    (no helmet)
rElec   .          Harm     .    (no cloak)
rCorr   .          Rampage  .    (no gloves)
Will    .....                    (no boots)
Stlth   ++........               (no amulet)
HPRegen 0.23/turn                (no ring)
MPRegen 0.07/turn                (no ring)

@: slow
A: amphibious, slowness 1, strong legs 1, +LOS
a: Hop


You were on level 4 of the Dungeon.
You visited 1 branch of the dungeon, and saw 2 of its levels.

You collected 8 gold pieces.

Inventory:

Hand Weapons
 a - a +0 falchion (weapon)
Armour
 b - a +0 leather armour (worn)
Wands
 g - a wand of digging (3)
Scrolls
 c - 2 scrolls of fog
 d - a scroll of magic mapping
 e - a scroll of fear
 h - a scroll of summoning {unknown}
 i - a scroll of blinking {unknown}
Potions
 f - a potion of haste


   Skills:
 - Level 3.6 Fighting
 + Level 2.9 Long Blades
 - Level 2.1 Dodging
 - Level 4.5 Stealth


You couldn't memorise any spells.
You didn't know any spells.
Your spell library was empty.

Dungeon Overview and Level Annotations

Branches:
Dungeon (5/15)
 Temple: D:4-7

Altars:
Kikubaaqudgha


Innate Abilities, Weirdness & Mutations

You are amphibious.
You cover ground slowly.
You can hop short distances.
You have an extended range of vision and can be seen from far away.


Message History

The endoplasm is moderately wounded.
The endoplasm barely misses you.
You hit the endoplasm.
The endoplasm is almost dead.
The endoplasm freezes you.
You are frozen.
You are too injured to fight recklessly!
You are too injured to fight recklessly!
You are too injured to fight recklessly!
Unknown command.
You hit the endoplasm.
You kill the endoplasm!
An iguana comes into view.
Found a scroll labelled UKKODA TAAD.
The iguana hisses angrily.
You open the door.
There is an open door here.
Found an ancient bone altar of Kikubaaqudgha.
You close the door.
You start resting.
HP restored.
You open the door. You hit the iguana.
The iguana is lightly wounded.
The iguana bites you.
You closely miss the iguana. You punch the iguana, but do no damage.
The iguana is lightly wounded.
The iguana bites you.
You closely miss the iguana.
The iguana is lightly wounded.
The iguana closely misses you.
You hit the iguana.
The iguana is lightly wounded.
The iguana bites you.
You hit the iguana but do no damage.
The iguana is lightly wounded.
The iguana hisses menacingly.
The iguana bites you!
Ouch! That really hurt!
You die...

#.###.........##...
..###.........###..
.###................
.....#.#.....###...#
!................#
.............#...#
.........##.)###...
>.....)..##....♣♣♣♣+♣♣♣♣
.........###.#.l@......+
..........##.##♣.♣...♣.♣
...#####.###.# ♣.♣ _.♣
#### ### ##. ♣.♣ .♣ #
+.. .. ♣♣♣ ♣♣


You could see an iguana.

Vanquished Creatures
  2 endoplasms (D:4)
  A kobold (D:4)
3 creatures vanquished.

Notes
Turn   | Place    | Note
-------+----------+-------------------------------------------
     0 | D:5      | mopl the Barachi Delver began the quest for the Orb.
     0 | D:5      | Reached XP level 1. HP: 18/18 MP: 1/1
    17 | D:5      | Noticed a water moccasin
    54 | D:4      | Noticed a hound
    64 | D:4      | Noticed an iguana
    84 | D:4      | Found an ancient bone altar of Kikubaaqudgha.
   103 | D:4      | Slain by an iguana

Illustrated notes

Levels and vault maps discovered:
D:4:      layout_rooms, mainiacjoe_overflow_boulevard,
          mainiacjoe_overflow_six_doors_small, minmay_small_thing
D:5:      layout_rooms, slow_altar_1, minmay_pentangle

Action                   || total
-------------------------++-------
Melee: Falchion          ||    11
       Punch             ||     2
 Stab: Sleeping          ||     1
Dodge: Dodged            ||     2

Table legend: (Time is in decaauts)
 A = Elapsed time spent in this place.
 B = Non-inter-level travel time spent in this place.
 C = Inter-level travel time spent in this place.
 D = Time resting spent in this place.
 E = Time spent auto-exploring this place.
 F = Levels seen in this place.
 G = Mean time per level.
                   A        B        C        D        E       F      G
               +--------+--------+--------+--------+--------+-----+--------+
         Total |    118 |    118 |      0 |     12 |     43 |   2 |   59.0 |
       Dungeon |    118 |    118 |      0 |     12 |     43 |   2 |   59.0 |
               +--------+--------+--------+--------+--------+-----+--------+

Top non-repeatable levels by time:
     D:4: 92 daAuts
     D:5: 26 daAuts
